 Dungeon Crawl Stone Soup version 0.21.0-3-g78d12a8 (webtiles) character file.

111760 MTVSty1e the Bludgeoner (level 16, -2/109 HPs)
             Began as a Gargoyle Gladiator on Jan 15, 2018.
             Slain by an azure jelly (39 damage)
             ... on level 3 of the Pits of Slime.
             The game lasted 00:55:53 (24500 turns).

MTVSty1e the Bludgeoner (Gargoyle Gladiator)       Turns: 24500, Time: 00:55:54

Health: -2/109     AC: 31    Str: 28    XL:     16   Next: 58%
Magic:  16/16      EV: 10    Int:  7    God:
Gold:   2335       SH: 30    Dex: 11    Spells: 15/15 levels left

rFire    . . .     SeeInvis .   u - +5 flail (elec)
rCold    . . .     Gourm    .   h - +10 large shield of Ignorance {rN+ Int-4}
rNeg     + + .     Faith    .   c - +1 ring mail of Gozag {rElec rCorr}
rPois    ∞         Spirit   .   s - +1 helmet
rElec    +         Reflect  .   l - +0 cloak
rCorr    +         Harm     .   P - +1 pair of gloves of the Stag {+Inv rC- Regen+}
MR       ++...                  L - +3 pair of boots "Acirixkol" {+Fly}
Stlth    +.........             (no amulet)
HPRegen  0.68/turn              M - ring of protection from magic
MPRegen  0.15/turn              A - ring of protection from cold

@: mighty
A: big wings, negative energy resistance 1, screaming 1, electricity resistance,
unbreathing, petrification resistance, rot immunity, AC +12
a: Fly, Evoke Invisibility, Evoke Flight


You were on level 3 of the Pits of Slime.
You were not hungry.

You visited 6 branches of the dungeon, and saw 29 of its levels.
You also visited: Labyrinth.

You collected 2693 gold pieces.
You spent 358 gold pieces at shops.

Inventory:

Hand Weapons
 a - a +1 flail of crushing
 e - a +3 mace of protection
 u - a +5 flail of electrocution (weapon)
Missiles
 d - 3 throwing nets (quivered)
Armour
 c - the +1 ring mail of Gozag (worn) {rElec rCorr}
   (You bought it in a shop on level 8 of the Dungeon)

   It insulates you from electricity.
   It protects you from acid and corrosion.
 h - the +10 large shield of Ignorance (worn) {rN+ Int-4}
   (You found it on level 6 of the Dungeon)

   It affects your intelligence (-4).
   It protects you from negative energy.
 l - a +0 cloak (worn)
 s - a +1 helmet (worn)
 L - the +3 pair of boots "Acirixkol" (worn) {+Fly}
   (You found it on level 10 of the Dungeon)

   It lets you fly.
 O - a +1 plate armour of positive energy
 P - the +1 pair of gloves of the Stag (worn) {+Inv rC- Regen+}
   (You found it in a labyrinth)

   It makes you vulnerable to cold.
   It lets you turn invisible.
   It increases your rate of regeneration.
 R - the +4 ring mail "Suoxkakh" {rC+ Str+3}
   (You found it in a labyrinth)

   It affects your strength (+3).
   It protects you from cold.
Jewellery
 A - a ring of protection from cold (right hand)
 M - a ring of protection from magic (left hand)
 Q - an uncursed ring of positive energy
Wands
 o - a wand of flame (57)
 y - a wand of paralysis (45)
 z - a wand of scattershot (3)
 E - a wand of acid (27)
 F - a wand of digging (27)
 H - a wand of disintegration (51)
 J - a wand of iceblast (19)
 U - a wand of polymorph (32)
Scrolls
 b - 4 scrolls of magic mapping
 g - 3 scrolls of fog
 i - 7 scrolls of enchant weapon
 m - 2 scrolls of fear
 n - 11 scrolls of identify
 v - 7 scrolls of remove curse
 C - 2 scrolls of amnesia
 D - 6 scrolls of enchant armour
 I - 4 scrolls of teleportation
 N - a scroll of blinking
Potions
 j - 10 potions of curing
 k - 2 potions of invisibility
 p - 4 potions of haste
 q - 6 potions of flight
 r - 3 potions of magic
 t - 2 potions of brilliance
 x - 7 potions of ambrosia
 B - 4 potions of mutation
 G - 2 potions of might
 K - 3 potions of agility
 S - 3 potions of lignification
Comestibles
 f - 33 rations


   Skills:
 + Level 15.7 Fighting
 * Level 19.2 Maces & Flails
 - Level 1.7 Throwing
 + Level 10.2 Armour
 + Level 3.9 Dodging
 + Level 12.2 Shields


You had 15 spell levels left.
You didn't know any spells.

Dungeon Overview and Level Annotations

Branches:
Dungeon (15/15)            Temple (1/1) D:5            Lair (6/6) D:10
 Shoals (0/4) Lair:2       Spider (1/4) Lair:2        Slime (4/5) Lair:5
    Orc (2/2) D:10            Elf (0/3) Orc:2        Vaults (0/5) D:14
 Depths (0/5) D:15

Altars:
Ashenzari
Cheibriados
Dithmenos
Elyvilon
Fedhas
Gozag
Hepliaklqana
Kikubaaqudgha
Makhleb
Nemelex Xobeh
Okawaru
Qazlal
Ru
Sif Muna
Trog
Uskayaw
Vehumet
Wu Jian
Xom
Yredelemnul
Zin
The Shining One
Beogh

Shops:
D:8 [   D:12 [:   Orc:1 %   Orc:2 *=[[

Portals:
Hell: Lair:6


Innate Abilities, Weirdness & Mutations

You are resistant to torment.
Your stone body is resilient. (AC +12)
You are immune to poison.
Your large and strong wings let you fly indefinitely.
You resist negative energy. (rN+)
You are resistant to electric shocks. (rElec)
You can survive without breathing.
You are immune to petrification.
You are immune to rotting.
You occasionally shout uncontrollably at your foes.


Message History

You sock the azure jelly!
The azure jelly is heavily wounded.
You block the azure jelly's attack. The azure jelly hits you.
The azure jelly freezes you!!! You block the azure jelly's attack.
The azure jelly closely misses you.
You are too injured to fight recklessly!
You are too injured to fight recklessly!
You are too injured to fight recklessly!
You are too injured to fight recklessly!
You hit the azure jelly but do no damage.
The azure jelly is heavily wounded.
You block the azure jelly's attack. x2; The azure jelly closely misses you.
The azure jelly hits you but does no damage.
You feel very mighty all of a sudden.
You block the azure jelly's attack. x3; The azure jelly completely misses you.
You sock the azure jelly!
The azure jelly is heavily wounded.
You block the azure jelly's attack. The azure jelly hits you.
The azure jelly freezes you!!!
You die...

##.#..##.#.## #
###...........# .#
###.............##
..##................#
..........##.......##
...#..#.............#
#...................#
.#.................##
..............<.@..##
.##....#.........J..#
##.................#
#.....#.#.........##
#......#............#
##..#.#.......#.....#
#######............#
##...........##
##.#..........#


You could see an azure jelly.

Vanquished Creatures
  An acid blob (Slime:1)
  Gastronok (D:8)
  An azure jelly (Slime:1)
  An orc warlord (Orc:2)
  Nessos (D:14)
  An ettin (Orc:1)
  3 ogre magi
  A minotaur (Lab)
  2 great orbs of eyes
  Fannar (D:12)
  4 hydras
  Erolcha (D:9)
  A catoblepas (Lair:6)
  A rakshasa (D:15)
  A centaur warrior (D:13)
  12 two-headed ogres
  2 death knights
  A tengu warrior (D:14)
  Sonja (D:9)
  An orc high priest (Orc:1)
  3 skeletal warriors
  2 deep trolls (Orc:2)
  A sixfirhy (Lair:6)
  2 unseen horrors (D:14)
  6 wizards
  A lindwurm (Lair:2)
  An orange crystal statue (D:15)
  2 phantasmal warriors (D:13)
  The ghost of Suckerboh the Thaumaturge, a novice DEFE of Vehumet (D:9)
  The ghost of MirrMurr the Cleaver, a novice DDFi of Makhleb (D:6)
  A wolf spider zombie (D:14)
  An orc knight (D:15)
  16 ugly things
  2 manticores
  5 cyclopes
  5 orc sorcerers
  6 deep elf magi
  Maurice (D:10)
  11 elephants
  6 black mambas
  A naga mage (D:15)
  An orange demon (Lair:6)
  6 spiny frogs
  Psyche (D:9)
  A gargoyle (D:10)
  5 komodo dragons
  2 freezing wraiths (D:15)
  A rime drake (Lair:6)
  3 ice devils (Lair:6)
  A hellwing (Lair:6)
  13 trolls
  A queen bee (Lair:3)
  3 meliai (D:14)
  2 red devils (Lair:6)
  3 polar bears
  A polar bear (shapeshifter) (D:13)
  13 blink frogs
  A hornet (D:13)
  30 slime creatures
  14 hippogriffs
  A slime creature (shapeshifter) (D:15)
  6 dream sheep (Lair:4)
  Sigmund (D:4)
  A shadow (D:13)
  3 redbacks (Lair:2)
  A meliai zombie (D:15)
  4 wyverns
  3 wraiths
  2 water elementals (D:15)
  Grum (D:11)
  A hog (D:10)
  35 yaks
  4 basilisks
  A human (D:10)
  3 hungry ghosts
  14 vampire mosquitoes
  4 hell hounds (Lair:6)
  6 wargs
  14 water moccasins
  12 porcupines
  22 orc warriors
  3 ice beasts
  3 sky beasts
  A black bear (D:10)
  23 ogres
  An ogre (shapeshifter) (D:15)
  3 phantoms
  2 eyes of draining (Slime:1)
  A necrophage (D:9)
  4 wolves (D:11)
  4 centaurs
  12 crocodiles
  2 big kobolds
  Blork the orc (D:4)
  An earth elemental (Lab)
  17 bullfrogs
  A gnoll sergeant (D:9)
  2 wyvern zombies
  A water moccasin zombie (D:5)
  2 wyvern skeletons
  4 scorpions
  38 killer bees
  3 wights (D:6)
  4 howler monkeys
  5 crimson imps
  2 centaur zombies
  4 bullfrog skeletons
  A quasit (D:10)
  8 jellies
  4 centaur skeletons
  7 hounds
  25 orc wizards
  19 orc priests
  A gnoll shaman (D:5)
  3 iguanas
  Ijyb (D:3)
  Natasha (twice) (D:4)
  6 hell rats (Lair:4)
  12 worker ants
  2 centaur simulacra
  A hound skeleton (D:10)
  18 gnolls
  13 adders
  A hound simulacrum (D:9)
  A shadow imp (D:14)
  5 oozes
  An adder skeleton (D:6)
  3 dart slugs
  5 worms
  4 leopard geckos
  76 orcs
  A ball python (D:4)
  5 bats
  7 giant cockroaches
  13 hobgoblins
  12 jackals
  15 kobolds
  6 quokkas
  7 frilled lizards
  10 goblins
  2 goblin skeletons (D:4)
  4 hobgoblin zombies (D:4)
  2 kobold zombies (D:4)
  2 leopard gecko skeletons
  An orc zombie (D:4)
  3 quokka skeletons
  A quokka zombie (D:8)
  10 rats
  A bush (Lair:6)
819 creatures vanquished.

Vanquished Creatures (others)
  A necromancer (D:15)
  A crimson imp (D:15)
  A frilled lizard (D:3)
  4 fungi
  3 plants
10 creatures vanquished.

Grand Total: 829 creatures vanquished

Notes
Turn   | Place    | Note
-------+----------+-------------------------------------------
     0 | D:1      | MTVSty1e the Gargoyle Gladiator began the quest for the Orb.
     0 | D:1      | Reached XP level 1. HP: 12/12 MP: 1/1
    48 | D:1      | Reached XP level 2. HP: 17/17 MP: 2/2
   134 | D:1      | Reached skill level 4 in Maces & Flails
   209 | D:1      | Reached XP level 3. HP: 21/21 MP: 3/3
   802 | D:2      | Reached XP level 4. HP: 23/26 MP: 4/4
   862 | D:2      | Found a faded altar of an unknown god.
   875 | D:2      | Reached skill level 5 in Maces & Flails
  1665 | D:3      | Noticed Ijyb
  1815 | D:3      | Found a shadowy altar of Dithmenos.
  1843 | D:3      | Reached XP level 5. HP: 30/30 MP: 5/5
  2050 | D:3      | Found a deep blue altar of Sif Muna.
  2106 | D:3      | Killed Ijyb
  2334 | D:3      | Reached skill level 6 in Maces & Flails
  2400 | D:4      | Noticed Sigmund
  2443 | D:4      | Killed Sigmund
  2443 | D:4      | Reached skill level 7 in Maces & Flails
  2443 | D:4      | Reached XP level 6. HP: 28/35 MP: 6/6
  2466 | D:4      | Found a burning altar of Makhleb.
  2580 | D:4      | Noticed Blork the orc
  2602 | D:4      | Killed Blork the orc
  2602 | D:4      | Reached XP level 7. HP: 39/40 MP: 7/7
  2609 | D:4      | Reached skill level 8 in Maces & Flails
  2929 | D:4      | Noticed Natasha
  2934 | D:4      | Killed Natasha
  2939 | D:4      | Found a glowing golden altar of the Shining One.
  3060 | D:4      | Noticed Natasha
  3078 | D:4      | Killed Natasha
  3169 | D:5      | Entered Level 5 of the Dungeon
  3169 | D:5      | Found a staircase to the Ecumenical Temple.
  3190 | D:5      | Reached skill level 9 in Maces & Flails
  3225 | Temple   | Entered the Ecumenical Temple
  3476 | D:5      | Reached XP level 8. HP: 25/44 MP: 8/8
  4299 | D:5      | Reached skill level 10 in Maces & Flails
  4705 | D:6      | Found the +10 large shield of Ignorance {rN+ Int-4}
  4854 | D:6      | Reached skill level 11 in Maces & Flails
  4966 | D:6      | Noticed MirrMurr's ghost (novice DDFi)
  4969 | D:6      | Noticed a brown ugly thing
  4980 | D:6      | Killed MirrMurr's ghost
  4980 | D:6      | Reached XP level 9. HP: 50/52 MP: 9/9
  5006 | D:6      | Killed a brown ugly thing
  5006 | D:6      | Reached skill level 12 in Maces & Flails
  5126 | D:6      | Reached skill level 5 in Fighting
  6028 | D:8      | Reached XP level 10. HP: 58/60 MP: 10/10
  6059 | D:8      | Found Kote Eseoq's Armour Boutique.
  6059 | D:8      | Noticed Gastronok
  6093 | D:8      | HP: 4/90 [Gastronok/the air (24)]
  6098 | D:8      | Killed Gastronok
  6098 | D:8      | Reached skill level 13 in Maces & Flails
  6457 | D:8      | Found a sacrificial altar of Ru.
  6934 | D:9      | Noticed Suckerboh's ghost (novice DEFE)
  6953 | D:9      | Killed Suckerboh's ghost
  6953 | D:9      | Reached skill level 14 in Maces & Flails
  7222 | D:9      | Noticed Psyche
  7240 | D:9      | Killed Psyche
  7240 | D:9      | Reached XP level 11. HP: 47/68 MP: 11/11
  7627 | D:9      | Noticed Erolcha
  7644 | D:9      | Killed Erolcha
  7988 | D:10     | Entered Level 10 of the Dungeon
  8239 | D:10     | Noticed Maurice
  8259 | D:10     | Killed Maurice
  8259 | D:10     | Reached skill level 15 in Maces & Flails
  8476 | D:10     | Found a staircase to the Lair.
  8505 | D:10     | Noticed a two-headed ogre
  8513 | D:10     | Killed a two-headed ogre
  8569 | D:10     | Noticed Sonja
  8933 | D:9      | Killed Sonja
  8933 | D:9      | Reached skill level 10 in Fighting
  9066 | D:10     | Found a staircase to the Orcish Mines.
  9099 | D:10     | Got a pair of transparent boots
  9100 | D:10     | Identified the +3 pair of boots "Acirixkol" {+Fly} (You found it on level 10 of the Dungeon)
  9810 | D:11     | Noticed Grum
  9833 | D:11     | Reached XP level 12. HP: 61/77 MP: 12/12
  9843 | D:11     | Killed Grum
 10003 | D:11     | Reached skill level 16 in Maces & Flails
 10114 | D:11     | Noticed a two-headed ogre
 10119 | D:11     | Killed a two-headed ogre
 10337 | D:12     | Found Leps's Book Emporium.
 10369 | D:12     | Noticed Fannar
 10385 | D:12     | Killed Fannar
 10391 | D:12     | Found a labyrinth entrance.
 10396 | Lab      | Entered a labyrinth
 10509 | Lab      | Noticed a minotaur
 10516 | Lab      | Killed a minotaur
 10519 | Lab      | Got a bone fustibalus
 10519 | Lab      | Got a pair of ancient gloves
 10519 | Lab      | Got a steaming ring mail
 10538 | Lab      | Identified the +1 pair of gloves of the Stag {+Inv rC- Regen+} (You found it in a labyrinth)
 10539 | Lab      | Identified the +8 fustibalus of Wu Jian's Regard {freeze, +Blink} (You found it in a labyrinth)
 10540 | Lab      | Identified the +4 ring mail "Suoxkakh" {rC+ Str+3} (You found it in a labyrinth)
 11042 | D:12     | Identified the cursed +0 halberd "Juathran" {venom, rPois} (You found it on level 12 of the Dungeon)
 11185 | D:12     | Found Jugeqita's Antique Armour Emporium.
 11944 | D:11     | Reached skill level 17 in Maces & Flails
 12104 | Lair:1   | Entered Level 1 of the Lair of Beasts
 12468 | Lair:1   | Reached skill level 1 in Shields
 12479 | Lair:1   | Reached skill level 1 in Armour
 12708 | Lair:2   | Reached XP level 13. HP: 84/85 MP: 13/13
 13022 | Lair:2   | Found a staircase to the Shoals.
 13147 | Lair:2   | Found a hole to the Spider Nest.
 13570 | Spider:1 | Entered Level 1 of the Spider Nest
 13622 | Lair:3   | Reached skill level 5 in Shields
 15120 | Lair:4   | Identified the cursed +1 glaive "Apti" {pain, rPois} (You found it on level 4 of the Lair of Beasts)
 15227 | Lair:5   | Found a staircase to the Slime Pits.
 15238 | Lair:5   | Reached skill level 5 in Armour
 15471 | Lair:5   | Gained mutation: Your large and strong wings let you fly indefinitely. [Gargoyle growth]
 15471 | Lair:5   | Reached XP level 14. HP: 92/92 MP: 14/14
 16189 | Slime:1  | Entered Level 1 of the Pits of Slime
 16334 | Slime:1  | Noticed an azure jelly
 16397 | Lair:6   | Entered Level 6 of the Lair of Beasts
 16492 | Lair:6   | Reached skill level 18 in Maces & Flails
 17058 | Lair:6   | Found a burning altar of Makhleb.
 17107 | Lair:6   | Reached skill level 10 in Shields
 17125 | Lair:6   | Found a gateway to Hell.
 18426 | D:13     | Reached XP level 15. HP: 65/100 MP: 15/15
 18995 | D:14     | Noticed Nessos
 19011 | D:14     | Killed Nessos
 19087 | D:14     | Found a gate to the Vaults.
 19913 | D:15     | Entered Level 15 of the Dungeon
 20511 | D:15     | Found a staircase to the Depths.
 20601 | D:15     | Reached skill level 15 in Fighting
 20877 | D:15     | Found a runed door.
 21388 | Orc:1    | Entered Level 1 of the Orcish Mines
 21388 | Orc:1    | Found Fuzaun's Food Shoppe.
 21569 | Orc:2    | Entered Level 2 of the Orcish Mines
 22000 | Orc:2    | Found a roughly hewn altar of Beogh.
 22016 | Orc:2    | Found Bomn's Antique Armour Boutique.
 22017 | Orc:2    | Found Fyump's Armour Shop.
 22051 | Orc:2    | Reached XP level 16. HP: 108/108 MP: 16/16
 22168 | Orc:2    | Reached skill level 19 in Maces & Flails
 22190 | Orc:2    | Found Zanasch's Jewellery Emporium.
 22283 | Orc:2    | Found Bisyuc's General Store.
 22371 | Orc:2    | Found a staircase to the Elven Halls.
 22611 | Orc:2    | Found a roughly hewn altar of Beogh.
 22947 | Orc:2    | Reached skill level 10 in Armour
 23263 | D:8      | Bought the cursed +1 ring mail of Gozag {rElec rCorr} for 358 gold pieces
 23462 | Slime:1  | Killed an azure jelly
 24134 | Slime:2  | Noticed an acid blob
 24142 | Slime:2  | Noticed an acid blob
 24214 | Slime:1  | Killed an acid blob
 24482 | Slime:4  | Noticed an azure jelly
 24485 | Slime:4  | Gained mutation: You occasionally shout uncontrollably at your foes. [a shining eye]
 24500 | Slime:3  | Slain by an azure jelly

Skill      XL: |  1  2  3  4  5  6  7  8  9 10 11 12 13 14 15 16 |
---------------+-------------------------------------------------+-----
Maces & Flails | 4 5 7 9 11 12 14 15 17 18 19 | 19.2
Fighting       | 3 5 8 10 11 12 13 15 | 15.7
Shields        | 1 7 10 11 12 | 12.2
Armour         | 1 5 7 9 10 | 10.2
Dodging        | 3 |  3.9
Throwing       | |  1.7

Action                   |  1- 3 |  4- 6 |  7- 9 | 10-12 | 13-15 | 16-18 || total
-------------------------+-------+-------+-------+-------+-------+-------++-------
Melee: Mace              |    79 |   180 |   318 |       |       |       ||   577
       Flail             |       |       |   166 |   818 |  1546 |   401 ||  2931
 Abil: Fly               |       |       |       |       |     1 |       ||     1
       Stop Flying       |       |       |       |       |     1 |       ||     1
Evoke: Wand              |       |       |       |     4 |     4 |       ||     8
  Use: Potion            |       |     3 |     3 |     1 |     3 |     2 ||    12
       Scroll            |       |    10 |     4 |    10 |    10 |     1 ||    35
 Stab: Paralysed         |       |       |       |     2 |     4 |       ||     6
  Eat: Chunk             |       |     2 |     4 |     2 |     3 |       ||    11
       Ration            |       |     1 |     2 |     7 |     8 |     3 ||    21
Armor: Leather armour    |     2 |       |       |       |       |       ||     2
       Ring mail         |    39 |    66 |       |    50 |   512 |   111 ||   778
       Chain mail        |       |    36 |   250 |       |       |       ||   286
       Plate armour      |       |       |    41 |   277 |       |    32 ||   350
Dodge: Dodged            |    58 |    87 |   138 |    38 |   234 |    75 ||   630
Block: Large shield      |       |       |   145 |   830 |  1903 |   585 ||  3463
